[Event "ICC Open 2015"]
[Site "Internet Chess Club"]
[Date "2015.05.29"]
[Round "6"]
[White "Bagelhead"]
[Black "VolcanoExplorer"]
[Result "1-0"]
[ICCResult "Black forfeits on time"]
[WhiteElo "2341"]
[BlackElo "1985"]
[Opening "Four knights: Ranken variation"]
[ECO "C48"]
[NIC "KP.03"]
[Time "15:02:18"]
[TimeControl "180+0"]

1. e4 e5 2. Nf3 Nc6 3. Nc3 Nf6 4. Bb5 a6 5. Bxc6 dxc6 6. Nxe5 Nxe4 7. Nxe4
Qd4 8. O-O Qxe5 9. Re1 Be7 10. d4 Qd5 11. Qe2 Be6 12. Bf4 O-O-O 13. c3 g5
14. Be5 Rhg8 15. Bf6 Rge8 16. b3 Qf5 17. Bxe7 Rxe7 18. Ng3 Qg6 19. Rad1 Rde8
20. Qd2 f5 21. c4 f4 22. Nf1 f3 23. d5 Bd7 24. Rxe7 Rxe7 25. Ne3 fxg2 26. d6
cxd6 27. Qxd6 Qe4 28. Qd4 Qe6 29. a4 g4 30. Qf4 h5 31. Rd6 Qf7 32. Rf6 Qg7
33. Rf8+ Re8 34. Rf7 Qa1+ 35. Kxg2 Qe5 36. Qxe5 Rxe5 37. Rf8+ Kc7 38. Rh8 h4
39. Rxh4 Rg5 40. Rh7 Rg6 41. Kg3 b6 42. Rh4 b5 43. Nxg4 bxa4 44. bxa4 c5 45.
a5 Rd6 46. h3 Ba4 47. Rh7+ Kc6 48. f3 Bb3 49. Rh6 Rxh6 50. Nxh6 Bxc4 51. Nf5
Be6 52. Ne3 Bf5 53. Kf4 c4 54. h4 Kd7 55. Nxf5 Kc6 56. Nd4+ Kc5 57. Nc2 c3
58. Ke3 Kc4 59. Ke4 Kb3 60. Kd3 Kb2 61. Nd4 c2 62. Nxc2 {Black forfeits on
time} 1-0

[Event "ICC Open 2015"]
[Site "Internet Chess Club"]
[Date "2015.05.29"]
[Round "6"]
[White "bigali"]
[Black "Torek9M"]
[Result "1-0"]
[ICCResult "Black forfeits on time"]
[WhiteElo "1589"]
[BlackElo "1191"]
[Opening "Philidor's defense"]
[ECO "C41"]
[NIC "KP.10"]
[Time "15:03:00"]
[TimeControl "180+0"]

1. e4 e5 2. Nf3 d6 3. Bc4 h6 4. d4 Nd7 5. Nc3 c6 6. dxe5 dxe5 7. Be3 Qc7 8.
Qd2 Ngf6 9. O-O-O Ng4 10. h3 Nxe3 11. Qxe3 Bc5 12. Qd2 O-O 13. Kb1 b5 14.
Bb3 a5 15. a3 b4 16. axb4 axb4 17. Na4 Be7 18. c3 bxc3 19. Qxc3 Rd8 20. g4
Nf6 21. Nxe5 Be6 22. Nxc6 Rxd1+ 23. Rxd1 Bd7 24. Nxe7+ Kh7 25. Qxc7 Bxa4 26.
Bxa4 {Black forfeits on time} 1-0

[Event "ICC Open 2015"]
[Site "Internet Chess Club"]
[Date "2015.05.29"]
[Round "6"]
[White "PajoPatak"]
[Black "Spirals"]
[Result "1-0"]
[ICCResult "Black forfeits on time"]
[WhiteElo "1516"]
[BlackElo "2140"]
[Opening "Sicilian: closed"]
[ECO "B23"]
[NIC "SI.44"]
[Time "15:02:14"]
[TimeControl "180+0"]

1. e4 c5 2. Nc3 e6 3. f4 Nc6 4. Nf3 a6 5. g3 d5 6. d3 Nf6 7. e5 d4 8. Ne2
Nd5 9. Bg2 Be7 10. O-O b5 11. Kh1 Bb7 12. g4 h5 13. g5 g6 14. Ng3 Qb6 15.
Ne4 O-O-O 16. c4 dxc3 17. bxc3 Qc7 18. Qc2 b4 19. c4 Nb6 20. Be3 Nd4 21.
Bxd4 cxd4 22. Nfd2 h4 23. h3 Nd7 24. Nb3 a5 25. Nxd4 Nc5 26. Nb5 Qb6 27.
Ned6+ Kb8 28. Nxb7 Nxb7 29. Rad1 Rc8 30. Qe2 Rhd8 31. Qf3 Qa6 32. Rc1 Nc5
33. d4 Na4 34. Rfd1 Nc3 35. Nxc3 bxc3 36. Rb1+ Bb4 37. Qxc3 Qxc4 38. Qxc4
Rxc4 39. a3 Ka7 40. axb4 Rcxd4 41. Rxd4 Rxd4 42. bxa5 Ka6 43. Rb7 Rxf4 44.
Rb8 Kxa5 45. Rh8 Kb4 46. Rf8 Kc5 47. Rd8 Kc4 48. Rd7 Rf5 49. Kh2 Kc5 50.
Rc7+ Kd4 51. Ra7 Kxe5 52. Rd7 Kf4 53. Rd2 Kxg5 54. Rf2 Kf6 55. Re2 g5 56.
Rd2 Rf2 57. Rxf2+ {Black forfeits on time} 1-0

[Event "ICC Open 2015"]
[Site "Internet Chess Club"]
[Date "2015.05.29"]
[Round "6"]
[White "RST2003"]
[Black "olakenn"]
[Result "1-0"]
[ICCResult "Black forfeits on time"]
[WhiteElo "1846"]
[BlackElo "1622"]
[Opening "Caro-Kann: exchange variation"]
[ECO "B13"]
[NIC "CK.02"]
[Time "15:01:57"]
[TimeControl "180+0"]

1. e4 c6 2. d4 d5 3. exd5 cxd5 4. Bd3 Nc6 5. c3 Qc7 6. Ne2 Bg4 7. f3 Bh5 8.
Nf4 Bg6 9. Nxg6 hxg6 10. f4 Nf6 11. Qf3 e6 12. g3 Bd6 13. O-O O-O-O 14. Be3
Rh3 15. Nd2 Rdh8 16. Rf2 Nh5 17. Bf1 Nf6 18. Bxh3 Rxh3 19. Raf1 Ne7 20. Rc1
Nf5 21. Rg2 Nh4 22. Qf1 Nxg2 23. Qxg2 Rh5 24. h3 Kb8 25. c4 Qd8 26. c5 Bc7
27. b4 Qh8 28. a4 Rxh3 29. c6 b6 30. Nb3 Ng4 31. Re1 Rh2 32. Qf3 Rb2 33. Nc1
Qh2+ 34. Kf1 Nxe3+ 35. Rxe3 Rb1 36. Re1 b5 37. axb5 {Black forfeits on time}
1-0

[Event "ICC Open 2015"]
[Site "Internet Chess Club"]
[Date "2015.05.29"]
[Round "6"]
[White "gladiator46"]
[Black "Rotchopf"]
[Result "0-1"]
[ICCResult "White forfeits on time"]
[WhiteElo "1650"]
[BlackElo "1851"]
[Opening "Benko's opening"]
[ECO "A00"]
[NIC "VO.09"]
[Time "15:02:23"]
[TimeControl "180+0"]

1. g3 d6 2. Bg2 Nf6 3. c4 Nc6 4. Qb3 e5 5. e3 Rb8 6. Bxc6+ bxc6 7. Qxb8 Be7
8. Qxa7 d5 9. cxd5 cxd5 10. Ne2 O-O 11. h4 Bg4 12. d3 Bf3 13. Rg1 Bb4+ 14.
Bd2 Qd6 15. a3 Bc5 16. Qa4 d4 17. e4 Rb8 18. b4 Bb6 19. Qc2 Rc8 20. a4 Nxe4
21. a5 Ba7 22. b5 Bc5 23. Qc4 Nxd2 24. Nxd2 Bd5 25. Qc2 Re8 26. Nc4 Qf6 27.
a6 e4 28. dxe4 Bxe4 29. Qb3 d3 30. Qc3 Qxf2+ 31. Kd1 Qxe2+ 32. Kc1 Be3+ 33.
Kb1 Bxg1 34. Nd2 Qd1+ 35. Kb2 Qc2+ 36. Qxc2 dxc2 37. Rc1 Be3 38. Nxe4 Bxc1+
{White forfeits on time}
0-1

[Event "ICC Open 2015"]
[Site "Internet Chess Club"]
[Date "2015.05.29"]
[Round "6"]
[White "YaacovN"]
[Black "TasteOflover"]
[Result "1-0"]
[ICCResult "Black resigns"]
[WhiteElo "2777"]
[BlackElo "2792"]
[Opening "QGD Slav: exchange variation"]
[ECO "D13"]
[NIC "SL.02"]
[Time "15:02:27"]
[TimeControl "180+0"]

1. d4 d5 2. Nf3 Nf6 3. c4 c6 4. cxd5 cxd5 5. Nc3 Nc6 6. Bf4 a6 7. Ne5 Bd7 8.
e3 Rc8 9. Bd3 e6 10. O-O Be7 11. Rc1 O-O 12. Qf3 Re8 13. Qh3 g6 14. Qh6 Nxe5
15. dxe5 Nh5 16. Ne2 Rxc1 17. Rxc1 Qb6 18. g4 Bf8 19. Qg5 h6 20. Qh4 Nxf4
21. Nxf4 g5 22. Qg3 gxf4 23. Qxf4 Rc8 24. Rxc8 Bxc8 25. g5 hxg5 26. Qxg5+
Bg7 27. b3 Qc7 28. f4 Qc1+ 29. Kf2 Qc7 30. h4 Kf8 31. h5 Qe7 32. Qg4 Bd7 33.
Bh7 f5 34. Qg3 Qf7 35. Qg5 Qe7 36. Qg3 Qf7 37. Bg6 Qe7 38. Kg2 Bc6 39. Kh2
Be8 40. Kh3 Bxg6 41. Qxg6 Qf7 42. Qg5 Kg8 43. h6 Kh7 44. hxg7 Qxg7 45. Kh4
Qh6+ 46. Qh5 Kg7 47. a4 a5 48. Qxh6+ Kxh6 49. Kg3 Kh5 50. Kh3 b6 51. Kg3 Kg6
52. Kh4 Kh6 53. Kh3 Kg6 54. Kg3 Kh6 55. Kh4 Kg6 56. Kh3 Kh6 57. Kg3 Kg6 58.
Kf3 Kh6 59. e4 Kh5 60. exd5 exd5 61. Ke3 Kg6 62. Kd4 Kh5 63. Kxd5
{Black resigns}
1-0

[Event "ICC Open 2015"]
[Site "Internet Chess Club"]
[Date "2015.05.29"]
[Round "6"]
[White "Reinerg"]
[Black "RJoseph12"]
[Result "0-1"]
[ICCResult "White forfeits on time"]
[WhiteElo "1286"]
[BlackElo "1260"]
[Opening "Ruy Lopez: classical (Cordel) defense"]
[ECO "C64"]
[NIC "RL.01"]
[Time "15:02:47"]
[TimeControl "180+0"]

1. e4 e5 2. Nf3 Nc6 3. Bb5 Bc5 4. O-O Nge7 5. a3 a6 6. Bxc6 Nxc6 7. b4 Bb6
8. Bb2 d6 9. d3 O-O 10. Nbd2 h6 11. h3 Be6 12. Re1 f5 13. Nf1 fxe4 14. dxe4
Ne7 15. Qe2 Ng6 16. Bc1 Nh4 17. Nxh4 Qxh4 18. Be3 Bxe3 19. Qxe3 Qf6 20. Rad1
Rf7 21. f3 Qg6 22. Kh2 Raf8 23. Rd2 Qh5 24. Ree2 Qg5 25. Qxg5 hxg5 26. g4 g6
27. Rf2 Rxf3 28. Rxf3 Rxf3 29. Ng3 Rc3 30. Rd3 Rxc2+ 31. Kg1 Rc1+ 32. Kf2
Rc6 33. Ke2 Bc4 34. Ke3 Bxd3 35. Kxd3 b5 36. Ne2 Rc4 37. Nc3 Rd4+ 38. Ke3
Rc4 {White forfeits on time} 0-1

[Event "ICC Open 2015"]
[Site "Internet Chess Club"]
[Date "2015.05.29"]
[Round "6"]
[White "Hareaum"]
[Black "jewels2"]
[Result "1-0"]
[ICCResult "Black forfeits on time"]
[WhiteElo "1794"]
[BlackElo "1278"]
[Opening "Ruy Lopez: exchange variation, Alapin gambit"]
[ECO "C68"]
[NIC "RL.08"]
[Time "15:02:41"]
[TimeControl "180+0"]

1. e4 e5 2. Nf3 Nc6 3. Bb5 a6 4. Bxc6 dxc6 5. O-O Bg4 6. h3 h5 7. d3 Qf6 8.
Bg5 Bxf3 9. Bxf6 Bxd1 10. Bxe5 Bxc2 11. Nd2 Bxd3 12. Bxc7 Bxf1 13. Nxf1 Rc8
14. Bb6 Nf6 15. b4 Bxb4 16. Rb1 Bc3 17. Ng3 h4 18. Nf5 O-O 19. f3 Nd7 20.
Be3 c5 21. Nxh4 Bd4 22. Kf2 Ne5 23. Rxb7 Nd3+ 24. Ke2 Bxe3 25. Kxe3 Rfd8 26.
Nf5 Rb8 27. Ne7+ Kf8 28. Ra7 Nb4 29. a3 Rd3+ 30. Kf4 Nc2 31. a4 Re8 32. Nd5
Nb4 33. Ne3 Ra3 34. Nf5 Nd3+ 35. Kg3 Rxa4 36. Nd6 Ne5 37. Nxe8 Kxe8 38. Ra8+
Kd7 39. Kf4 f6 40. Ra7+ Ke6 41. Rxg7 Nd3+ 42. Ke3 c4 43. Kd4
{Black forfeits on time}
1-0

[Event "ICC Open 2015"]
[Site "Internet Chess Club"]
[Date "2015.05.29"]
[Round "6"]
[White "FlyAway"]
[Black "QuezadaY"]
[Result "0-1"]
[ICCResult "White forfeits on time"]
[WhiteElo "2840"]
[BlackElo "3353"]
[Opening "Ruy Lopez: Berlin defense"]
[ECO "C65"]
[NIC "RL.07"]
[Time "15:02:20"]
[TimeControl "180+0"]

1. e4 e5 2. Nf3 Nc6 3. Bb5 Nf6 4. d3 Bc5 5. O-O d6 6. c3 O-O 7. Nbd2 Ne7 8.
d4 exd4 9. cxd4 Bb6 10. Re1 Bg4 11. h3 Bh5 12. g4 Bg6 13. e5 Nfd5 14. Ne4
Kh8 15. Bg5 a6 16. Bc4 f6 17. exf6 gxf6 18. Bh6 Rg8 19. Kh2 Qd7 20. Nh4 f5
21. Ng5 fxg4 22. Qxg4 Qxg4 23. hxg4 Bxd4 24. Rad1 Bxf2 25. Rxe7 Nxe7 26.
Nxg6+ Rxg6 27. Nf7+ Kg8 28. Nxd6+ Kh8 29. Nf7+ Kg8 30. Rf1 Rc6 31. Bb3 Rxh6+
32. Nxh6+ Kg7 33. Rxf2 Kxh6 34. Rf7 Re8 35. Bc2 Ng6 36. Kg3 Re2 37. Rxc7 b5
38. b4 Rd2 39. Bb3 Rd3+ 40. Kf2 Ne5 41. Ke2 Rh3 42. Rc5 Nxg4 43. Rc6+ Kg5
44. Rxa6 Rh2+ 45. Ke1 Ne3 46. Ra5 h5 47. Rxb5+ Kf4 48. Rb8 h4 49. Rf8+ Ke5
50. a4 h3 51. Rh8 Kd4 52. a5 Kd3 53. Rd8+ Kc3 54. Rh8 Kxb3 55. a6 Nc2+ 56.
Kf1 Nxb4 57. a7 Rh1+ 58. Kf2 Rh2+ 59. Kg3 Rg2+ 60. Kxh3 Rg1 61. a8=Q Rc1
{White forfeits on time}
0-1

[Event "ICC Open 2015"]
[Site "Internet Chess Club"]
[Date "2015.05.29"]
[Round "6"]
[White "BlueJ"]
[Black "Irenaeus"]
[Result "1-0"]
[ICCResult "Black forfeits on time"]
[WhiteElo "2218"]
[BlackElo "1746"]
[Opening "Grünfeld: modern exchange variation"]
[ECO "D85"]
[NIC "GI.04"]
[Time "15:02:58"]
[TimeControl "180+0"]

1. d4 Nf6 2. c4 g6 3. Nc3 d5 4. cxd5 Nxd5 5. e4 Nxc3 6. bxc3 Bg7 7. Nf3 c5
8. Be3 Qa5 9. Qd2 Nc6 10. Rb1 cxd4 11. cxd4 Qxd2+ 12. Kxd2 O-O 13. Bd3 Rd8
14. d5 Na5 15. Ke2 b6 16. Rhc1 e6 17. Bg5 f6 18. Bd2 exd5 19. exd5 Bg4 20.
Bxa5 bxa5 21. h3 Re8+ 22. Kf1 Bxf3 23. gxf3 Rad8 24. Rb7 Bf8 25. Rcc7 Rc8
26. Bc4 Rxc7 27. Rxc7 Bd6 28. Rd7 Be5 29. d6+ Kh8 30. Re7 Rd8 31. d7 Bc7 32.
h4 h6 33. f4 g5 34. fxg5 fxg5 35. h5 g4 36. Ke2 Rf8 37. Bf7 Bb6 38. Be6
Rxf2+ 39. Kd3 Rf8 40. Bxg4 Bd8 41. Re8 Kg7 42. Ke4 Bb6 43. Bf5 Bc5 44. Bg6
Bb6 45. Kd5 {Black forfeits on time} 1-0

[Event "ICC Open 2015"]
[Site "Internet Chess Club"]
[Date "2015.05.29"]
[Round "6"]
[White "TanteDolli"]
[Black "MichelRocard"]
[Result "1/2-1/2"]
[ICCResult "White ran out of time and Black has no material to mate"]
[WhiteElo "1753"]
[BlackElo "1975"]
[Opening "Sicilian"]
[ECO "B54"]
[NIC "SI.01"]
[Time "15:02:18"]
[TimeControl "180+0"]

1. e4 c5 2. Nf3 d6 3. d4 cxd4 4. Nxd4 e5 5. Nc3 exd4 6. Qxd4 Nc6 7. Bb5 Be6
8. Qa4 Nf6 9. O-O Be7 10. Kh1 O-O 11. Bxc6 bxc6 12. Qxc6 d5 13. e5 Ne4 14.
Nxe4 dxe4 15. Qxe4 Rc8 16. c3 Rc4 17. Qe2 Rh4 18. Be3 Qb8 19. Bd4 Qb7 20.
Rfe1 Bg5 21. Kg1 Bd5 22. g3 Bh1 23. f4 Bf3 24. Qf2 Rh5 25. fxg5 Rxg5 26. Re3
Bg4 27. Rf1 Rf5 28. Qe1 Rxf1+ 29. Qxf1 Qxb2 30. Qf2 Qb1+ 31. Kg2 Be6 32. Re1
Qb7+ 33. Kg1 Rb8 34. h4 Qd5 35. Kh2 h6 36. Rf1 Rb5 37. Qf3 Qc4 38. Rf2 Ra5
39. Qe2 Qd5 40. Qf3 Qc4 41. Qe2 Qd5 42. Qd2 Rxa2 43. Qxa2 Qxa2 44. Rxa2 Bxa2
45. Kg2 a5 46. Kf2 a4 47. Ke3 Bc4 48. Bc5 f6 49. exf6 gxf6 50. Kd4 Kf7 51.
Kxc4 a3 52. Bxa3 h5 53. Bc1 f5 54. Bf4 Ke6 55. Kd4 Kd7 56. c4 Ke6 57. c5 Kd7
58. c6+ Ke7 59. Ke5 Kd8 60. Kxf5 Kc8 61. Kg5 Kd8 62. Kxh5 Kc8 63. Kg5 Kd8
64. h5 Ke8 65. h6 Kf7 66. h7 Kg7 67. c7 Kf7 68. c8=Q Ke7 69. Qc5+ Kf7 70.
Qf5+ Ke8 71. Qg6+ Kd7 72. h8=Q Ke7 73. Qhh7+ Kf8
{White ran out of time and Black has no material to mate}
1/2-1/2

[Event "ICC Open 2015"]
[Site "Internet Chess Club"]
[Date "2015.05.29"]
[Round "6"]
[White "Daler"]
[Black "Borknagar"]
[Result "1-0"]
[ICCResult "Black resigns"]
[WhiteElo "2439"]
[BlackElo "2017"]
[Opening "QGD Slav defense"]
[ECO "D10"]
[NIC "SL.01"]
[Time "15:02:51"]
[TimeControl "180+0"]

1. d4 d5 2. c4 c6 3. Nc3 Nf6 4. cxd5 cxd5 5. Bf4 e6 6. e3 Bd6 7. Bxd6 Qxd6
8. Bd3 a6 9. f4 Bd7 10. Nf3 Nc6 11. Ne5 O-O 12. Rc1 Qb4 13. O-O Rfd8 14. Na4
Nxe5 15. fxe5 Ne4 16. Bxe4 dxe4 17. Nc5 Bc6 18. Qb3 Qxb3 19. Nxb3 Rac8 20.
Rc5 Bd5 21. Rfc1 Rxc5 22. Rxc5 Bc6 23. Na5 Rd5 24. b4 Rxc5 25. dxc5 Bd5 26.
a4 Kf8 27. b5 axb5 28. axb5 Ke7 29. Kf2 f5 30. h4 g6 31. Kg3 h6 32. Kf4 Kd7
33. g4 Ke7 34. gxf5 exf5 35. h5 gxh5 36. Kxf5 h4 37. Kg4 Ke6 38. Kxh4 Kxe5
39. Kh5 Ke6 40. Kxh6 Kd7 41. Kg5 Ba2 42. Nxb7 Kc7 43. Na5 Bb1 44. Kf6 Bd3
45. b6+ Kc8 46. c6 Bb5 47. Ke5 Bd3 48. Kd6 Kb8 49. c7+ {Black resigns} 1-0

[Event "ICC Open 2015"]
[Site "Internet Chess Club"]
[Date "2015.05.29"]
[Round "6"]
[White "pawnloser"]
[Black "TheCypriot"]
[Result "0-1"]
[ICCResult "White forfeits on time"]
[WhiteElo "1599"]
[BlackElo "1838"]
[Opening "Pirc defense"]
[ECO "B07"]
[NIC "PU.08"]
[Time "15:02:49"]
[TimeControl "180+0"]

1. e4 d6 2. d4 Nf6 3. Bd3 g6 4. Nf3 Bg7 5. O-O O-O 6. c4 Bg4 7. h3 Bxf3 8.
Qxf3 Nc6 9. Be3 e5 10. d5 Nd4 11. Qd1 c5 12. dxc6 bxc6 13. Nc3 Rb8 14. b3
Nh5 15. Ne2 Nxe2+ 16. Bxe2 Nf4 17. Bxa7 Ra8 18. Be3 Qe7 19. Qd2 Ne6 20. Rfd1
Nd4 21. f4 c5 22. g3 f5 23. Bxd4 exd4 24. exf5 gxf5 25. Bf3 Rae8 26. Bd5+
Kh8 27. Re1 Qf6 28. a4 Rb8 29. Qd3 Qh6 30. Kg2 Rfe8 31. a5 Qf6 32. a6 Rxe1
33. Rxe1 Qf8 34. a7 Rd8 35. Ra1 Ra8 36. Bxa8 Qxa8+ 37. Qf3 Qe8 38. a8=Q Qf8
39. Qxf8+ Bxf8 {White forfeits on time} 0-1

[Event "ICC Open 2015"]
[Site "Internet Chess Club"]
[Date "2015.05.29"]
[Round "6"]
[White "MoonlightWizard"]
[Black "Kiborg95"]
[Result "0-1"]
[ICCResult "White resigns"]
[WhiteElo "2983"]
[BlackElo "2728"]
[Opening "Philidor: Improved Hanham variation"]
[ECO "B07"]
[NIC "PU.08"]
[Time "15:02:33"]
[TimeControl "180+0"]

1. e4 d6 2. d4 Nf6 3. Nc3 e5 4. Nf3 Nbd7 5. Bc4 Be7 6. O-O O-O 7. Qe2 c6 8.
a4 a5 9. Rd1 Qc7 10. Bg5 Re8 11. Bh4 Nb6 12. Bb3 Nfd7 13. Bg3 Bf6 14. dxe5
dxe5 15. Qe3 Nf8 16. Qc5 Nfd7 17. Qe3 Nf8 18. Rd2 Bg4 19. Rad1 Ng6 20. h3
Bxf3 21. Qxf3 Rad8 22. Qe3 Rxd2 23. Rxd2 Nf4 24. Qc5 Nd7 25. Qd6 Qxd6 26.
Rxd6 Nc5 27. Kf1 Nxb3 28. cxb3 Ne6 29. Rd7 Nc5 30. Rd1 Nxb3 31. f3 Kf8 32.
Bf2 Rd8 33. Rxd8+ Bxd8 34. Ke2 Be7 35. Kd3 Nc5+ 36. Kc4 b6 37. b3 Nd7 38.
Na2 Bc5 39. Be1 Ke7 40. Nc1 Kd6 41. Nd3 Bd4 42. f4 f6 43. b4 axb4 44. Bxb4+
c5 45. Bd2 Kc6 46. f5 Nb8 47. g4 Na6 48. g5 Nc7 49. gxf6 gxf6 50. Bh6 Ne8
51. Bf8 Be3 52. Be7 Bd4 53. Nc1 Kd7 54. Bf8 Kc6 55. Nd3 Nc7 56. Nc1 b5+ 57.
axb5+ Nxb5 58. Be7 Be3 59. Nd3 Nd6+ 60. Bxd6 Kxd6 61. Kb5 Bd4 62. Nc1 Kc7
63. Nb3 Kd6 64. Nd2 Kd7 65. Nc4 Ke7 66. Kb6 Kf7 67. Kc6 Kg7 68. Kd5 Kh6 69.
Ke6 Kg5 70. Nd6 Kf4 71. Kxf6 c4 72. Nxc4 Kxe4 73. Ke6 Kd3 74. Nd6 e4 75.
Nxe4 Kxe4 76. f6 Kf4 77. Kf7 Kg5 78. Kg7 h5 79. Kh7 Bxf6 {White resigns} 0-1

[Event "ICC Open 2015"]
[Site "Internet Chess Club"]
[Date "2015.05.29"]
[Round "6"]
[White "Kyekerz"]
[Black "pvchandu"]
[Result "1-0"]
[ICCResult "Black forfeits on time"]
[WhiteElo "1273"]
[BlackElo "1354"]
[Opening "Ruy Lopez: modern Steinitz defense"]
[ECO "C74"]
[NIC "RL.11"]
[Time "15:03:05"]
[TimeControl "180+0"]

1. e4 e5 2. Nf3 Nc6 3. Bb5 d6 4. c3 a6 5. Ba4 b5 6. Bb3 Na5 7. Bc2 Bb7 8.
O-O Nf6 9. Re1 Be7 10. d4 exd4 11. cxd4 O-O 12. Bg5 h6 13. Bf4 Nc4 14. b3
Nb6 15. Qd3 Nbd7 16. Nbd2 Re8 17. e5 dxe5 18. dxe5 Nxe5 19. Bxe5 Qxd3 20.
Bxd3 Rad8 21. Bc2 {Black forfeits on time} 1-0

[Event "ICC Open 2015"]
[Site "Internet Chess Club"]
[Date "2015.05.29"]
[Round "6"]
[White "TheGreatFair"]
[Black "zona"]
[Result "0-1"]
[ICCResult "White forfeits on time"]
[WhiteElo "2093"]
[BlackElo "2535"]
[Opening "Sicilian: accelerated fianchetto, Maróczy bind"]
[ECO "B36"]
[NIC "SI.33"]
[Time "15:02:41"]
[TimeControl "180+0"]

1. e4 c5 2. Nf3 Nc6 3. d4 cxd4 4. Nxd4 g6 5. c4 Nf6 6. Nc3 d6 7. Nc2 Bg7 8.
Be2 Nd7 9. Bd2 Nc5 10. O-O a5 11. Rb1 O-O 12. f3 f5 13. exf5 Bxf5 14. Nd5
Nd4 15. Nxd4 Bxd4+ 16. Be3 Bxe3+ 17. Nxe3 Bxb1 18. Qxb1 e6 19. Rd1 Qg5 20.
Ng4 Rad8 21. Kh1 Kg7 22. Bf1 h5 23. Nf2 Qe3 24. Qc2 b6 25. b3 Rf4 26. Qb2+
e5 27. Nh3 Rd4 28. Rc1 Rd2 29. Qa1 g5 30. Re1 Qd4 31. Nxg5 Qxa1 32. Rxa1 Kf6
33. h4 Kf5 34. g3 Kg6 35. Kg1 d5 36. cxd5 R8xd5 37. Bc4 Rd1+ 38. Rxd1 Rxd1+
39. Kf2 b5 40. Bxb5 Rd2+ 41. Ke3 Rxa2 42. Bc4 Rb2 43. Bf7+ Kh6 44. f4 exf4+
45. Kxf4 Nxb3 46. Bd5 Nc5 47. Nf7+ Kg7 48. Kg5 Rd2 49. Bc4 Rd4 50. Ba2 Ne4+
51. Kxh5 Nf6+ {White forfeits on time} 0-1

[Event "ICC Open 2015"]
[Site "Internet Chess Club"]
[Date "2015.05.29"]
[Round "6"]
[White "QuintilianoR"]
[Black "Zwischenzug"]
[Result "0-1"]
[ICCResult "White forfeits on time"]
[WhiteElo "2288"]
[BlackElo "1847"]
[Opening "Benkö gambit accepted"]
[ECO "A58"]
[NIC "BI.41"]
[Time "15:02:43"]
[TimeControl "180+0"]

1. d4 Nf6 2. c4 c5 3. d5 b5 4. cxb5 a6 5. bxa6 g6 6. Nc3 Bxa6 7. Nf3 Bg7 8.
g3 d6 9. Bg2 Nbd7 10. Rb1 Nb6 11. b3 Bb7 12. Nh4 O-O 13. O-O Nfd7 14. Qd2
Bxc3 15. Qxc3 Rxa2 16. Bh6 f6 17. Bxf8 Qxf8 18. e4 Ne5 19. Ra1 Qa8 20. Rxa2
Qxa2 21. Ra1 Qe2 22. Bf3 Nxf3+ 23. Qxf3 Qb5 24. Ng2 Nd7 25. Qc3 Kf7 26. h3
Ne5 27. f4 Nd7 28. Qc4 Qb6 29. Ne3 Nb8 30. Kf2 Ba6 31. Qc3 Bb7 32. Nc4 Qb5
33. Ra3 Na6 34. Qd3 Qd7 35. e5 Qxh3 36. e6+ Kg7 37. Qf3 Nb4 38. Ra7 Qh2+ 39.
Kf1 Bxd5 40. Rxe7+ Kh6 41. Qf2 Qh1+ 42. Ke2 Qe4+ 43. Qe3 Qg2+ 44. Ke1 Qh1+
45. Kd2 Qg2+ 46. Qe2 Qxe2+ 47. Kxe2 Nc2 48. Nxd6 Nd4+ 49. Kd3 Nf3 50. Nf7+
Kh5 51. Nd8 Kg4 52. Rxh7 Kxg3 53. e7 Nh4 54. e8=Q Be4+ {White forfeits on
time} 0-1

[Event "ICC Open 2015"]
[Site "Internet Chess Club"]
[Date "2015.05.29"]
[Round "6"]
[White "slothchess"]
[Black "past"]
[Result "1-0"]
[ICCResult "Black forfeits on time"]
[WhiteElo "1591"]
[BlackElo "1796"]
[Opening "French: exchange variation"]
[ECO "C01"]
[NIC "FR.01"]
[Time "15:02:44"]
[TimeControl "180+0"]

1. e4 e6 2. d4 d5 3. exd5 exd5 4. Nf3 Nf6 5. Be2 Bd6 6. O-O O-O 7. h3 b6 8.
c4 dxc4 9. Bxc4 Ba6 10. Bxa6 Nxa6 11. a3 c5 12. Nc3 Rc8 13. Re1 Re8 14. Bg5
h6 15. Rxe8+ Qxe8 16. Bxf6 gxf6 17. Nd5 Qe6 18. dxc5 Nxc5 19. b4 Ne4 20. Ne3
Bf4 21. Ng4 h5 22. Ngh2 Ng5 23. Nxg5 fxg5 24. Qxh5 Rc2 25. Qd1 Rb2 26. Nf3
Qc6 27. Qd8+ Kh7 28. Qd3+ Kh6 29. Rd1 Qc2 30. Qxc2 Rxc2 31. g3 Rc3 32. Kg2
Bb8 33. Ra1 a5 34. bxa5 bxa5 35. a4 Ba7 36. Ra2 Rc4 37. Ne5 Rc7 38. Ng4+ Kg6
39. Ne5+ Kf5 40. Ng4 Ke6 41. Re2+ Kf5 42. Ne3+ Kg6 43. Nd5 Rd7 44. Ne7+ Kf6
45. Nc6 Kg6 46. Nxa5 f5 47. Nc6 Rd6 48. Nxa7 Ra6 49. Nc6 Rxa4 50. Ne5+ Kg7
51. Nf3 Kf6 52. h4 g4 53. Nd2 Ra2 54. Kf1 f4 55. gxf4 Kf5 56. Kg2 Kxf4 57.
Re4+ Kf5 58. Rd4 Ra3 59. Rd5+ Kf4 60. Rd8 Ra2 61. Nf1 g3 62. Rf8+ Kg4 63.
Rg8+ Kxh4 64. Rxg3 Kh5 65. Rh3+ Kg5 66. Rf3 Kg6 67. Ng3 Kg7 68. Ne4 Kg6 69.
Rg3+ {Black forfeits on time} 1-0

[Event "ICC Open 2015"]
[Site "Internet Chess Club"]
[Date "2015.05.29"]
[Round "6"]
[White "ShadowLike"]
[Black "IssaNissa"]
[Result "1-0"]
[ICCResult "Black forfeits on time"]
[WhiteElo "2232"]
[BlackElo "1846"]
[Opening "Caro-Kann: anti-anti-Caro-Kann defense"]
[ECO "B10"]
[NIC "CK.01"]
[Time "15:02:44"]
[TimeControl "180+0"]

1. e4 c6 2. c4 d5 3. cxd5 cxd5 4. exd5 Nf6 5. Bb5+ Bd7 6. Bc4 Qc7 7. Qb3 a6
8. a4 a5 9. Ne2 Na6 10. d3 Nc5 11. Qc2 g6 12. Bf4 Qb6 13. Nbc3 Bg7 14. O-O
O-O 15. Be3 Qc7 16. Rac1 b6 17. Bf4 Qd8 18. Ng3 Rc8 19. Qd2 Qe8 20. b3 Rd8
21. f3 Rc8 22. Nge4 Bf5 23. Rce1 Bxe4 24. fxe4 Nh5 25. Be3 Nxb3 26. Bxb3
Bxc3 27. Qa2 Bxe1 28. Rxe1 b5 29. axb5 Qxb5 30. Bc4 Qb4 31. Rf1 Nf6 32. Bh6
Rfe8 33. e5 Ng4 34. Qd2 Qc5+ 35. Kh1 Nxe5 36. Qb2 Qd6 37. Qa1 f6 38. Ba2 Ng4
39. Bf4 Qc5 40. d6+ e6 41. d7 Nf2+ 42. Rxf2 Qxf2 43. dxe8=Q+
{Black forfeits on time}
1-0

[Event "ICC Open 2015"]
[Site "Internet Chess Club"]
[Date "2015.05.29"]
[Round "6"]
[White "Platyborg"]
[Black "Sibelephant"]
[Result "0-1"]
[ICCResult "White resigns"]
[WhiteElo "3099"]
[BlackElo "3210"]
[Opening "Sicilian: Kan, 5.Nc3"]
[ECO "B43"]
[NIC "SI.43"]
[Time "15:02:50"]
[TimeControl "180+0"]

1. e4 c5 2. Nf3 a6 3. Nc3 e6 4. d4 cxd4 5. Nxd4 d6 6. h3 b5 7. g4 Bb7 8. Bg2
Ne7 9. a3 Nbc6 10. Nb3 Ng6 11. Be3 Nh4 12. Bf1 Ne5 13. f4 Nc4 14. Bxc4 bxc4
15. Nd4 Ng2+ 16. Kf2 Nxe3 17. Kxe3 Qb6 18. Kf3 Be7 19. Qd2 O-O 20. Kg3 Rad8
21. Rad1 g6 22. Qe3 Bf6 23. g5 Bg7 24. Nf5 Qxe3+ 25. Nxe3 Bxc3 26. bxc3 Bxe4
27. Rh2 f6 28. gxf6 Rxf6 29. Nxc4 Rdf8 30. Rf2 e5 31. Rxd6 exf4+ 32. Kh2 g5
33. Rd4 Ba8 34. Ne5 Re8 35. Ng4 Rfe6 36. Rfd2 h5 37. Nf2 Re2 38. Rxe2 Rxe2
39. Rd8+ Kf7 40. Rxa8 Rxf2+ 41. Kg1 Rxc2 42. Rxa6 Rxc3 43. a4 Rxh3 44. a5
Ra3 45. Ra8 Kf6 46. a6 Kf5 47. Rh8 Kg4 48. Rh6 Ra1+ 49. Kf2 Ra2+ 50. Ke1 h4
51. Kd1 f3 52. Kc1 f2 {White resigns} 0-1

[Event "ICC Open 2015"]
[Site "Internet Chess Club"]
[Date "2015.05.29"]
[Round "6"]
[White "HuevosDeLeon"]
[Black "LastKeks"]
[Result "1-0"]
[ICCResult "Black forfeits on time"]
[WhiteElo "2712"]
[BlackElo "3199"]
[Opening "King's Indian: London system"]
[ECO "A48"]
[NIC "QP.03"]
[Time "15:02:48"]
[TimeControl "180+0"]

1. d4 Nf6 2. Nf3 g6 3. Bf4 Bg7 4. e3 O-O 5. Be2 d6 6. h3 Nc6 7. O-O Nd7 8.
Bh2 e5 9. c3 h6 10. b4 f5 11. b5 Ne7 12. a4 e4 13. Qb3+ Kh8 14. Ne1 Nf6 15.
Nd2 g5 16. Nc2 Ng6 17. f3 exf3 18. Bxf3 Nh4 19. Be2 Re8 20. Bd3 Be6 21. c4
g4 22. Bg3 Nh5 23. Bxh4 Qxh4 24. Bxf5 gxh3 25. e4 h2+ 26. Kh1 Ng3+ 27. Qxg3
Qxg3 28. Rf3 Qg5 29. Rd1 Bxf5 30. Rxf5 Qg4 31. Rf3 Rf8 32. Ne3 Qh5 33. Nf5
Rae8 34. Ng3 {Black forfeits on time} 1-0